[Event "Titled Tuesday Blitz January 03 Late 2023"]
[White "Zierk, Steven"]
[Black "Naroditsky, Daniel"]
[WhiteFideId "2034255"]
[BlackFideId "2026961"]
[WhiteElo "2488"]
[BlackElo "2618"]
[Result "1-0"]
[Round "06"]
[TimeControl "180+2"]
[Date "2023.01.03"]
[WhiteClock "0:00:08"]
[BlackClock "0:00:04"]

1. e4 c6 2. d4 d5 3. exd5 cxd5 4. Bd3 Nf6 5. c3 Bg4 6. Qb3 Qc7 7. h3 Bh5 8. Ne2 Bxe2 9. Bxe2 e6 10. Nd2 Bd6 11. Nf3 O-O 12. Be3 Nc6 13. O-O Ne4 14. Ng5 Nxg5 15. Bxg5 Rab8 16. a4 a6 17. Qd1 b5 18. axb5 axb5 19. b4 Ne7 20. Qd2 Rfc8 21. Ra3 Nf5 22. g4 Ne7 23. Rfa1 Ng6 24. Qe3 h6 25. Ra7 Rb7 26. Rxb7 Qxb7 27. Bd3 hxg5 28. Bxg6 Bf4 29. Qe2 fxg6 30. Qxe6+ Kh7 31. Ra6 Rf8 32. Qxg6+ Kg8 33. Rb6 Qd7 34. Qd3 Rb8 35. Ra6 Qe7 36. Rc6 Qe1+ 37. Kg2 Rf8 38. Qf3 Kh8 39. Qxd5 Be3 40. Rh6+ gxh6 41. Qe5+ Kg8 42. Qe6+ Kg7 43. Qe7+ Rf7 44. Qe5+ Kf8 45. Qh8+ Ke7 46. Qe5+ Kd8 47. Qb8+ Kd7 48. Qb7+ Kd6 49. Qxf7 Bf4 50. Qf6+ Qe6 51. Qd8+ Kc6 52. Qa8+ Kb6 53. Qa5+ Kc6 54. Qa6+ Kd7 55. Qxb5+ Kc7 56. Qc5+ Kd7 57. Kf3 Qe1 58. Qf5+ Kc7 59. Qf7+ Kb6 60. Qg6+ Kb5 61. Qd3+ Ka4 62. d5 Qe7 63. Qa6+ Kb3 64. Qe6 Qd6 65. b5 Kxc3 66. b6 Qc5 67. b7 Qc4 68. Qc8 Bc7 69. Qh8+ Kc2 70. Qh7+ Kd2 71. Qe4 Qc3+ 72. Kg2 Qb3 73. Qd4+ Ke2 74. Qe4+ Kd2 75. d6 Bxd6 76. Qd4+ Qd3 77. Qb2+ Ke1 78. b8=Q Bxb8 79. Qb4+ Qd2 80. Qb1+ Qd1 81. Qxb8 Qd5+ 82. Kg1 Qe4 83. Qb2 Qd3 84. Qc1+ Ke2 85. Qf1+ Kd2 86. Qxd3+ Kxd3 87. Kg2 Ke4 88. Kg3 Kd3 89. f4 Ke4 90. f5 Ke5 91. Kf3 Kf6 92. Ke4 1-0


[Site "https://www.chess.com"]

[Event "Titled Tuesday Blitz January 03 Late 2023"]
[White "Martinez Alcantara, Jose Eduardo"]
[Black "Zhigalko, Sergei"]
[WhiteFideId "3805662"]
[BlackFideId "13502956"]
[WhiteElo "2619"]
[BlackElo "2572"]
[Result "0-1"]
[Round "06"]
[TimeControl "180+2"]
[Date "2023.01.03"]
[WhiteClock "0:00:04"]
[BlackClock "0:00:04"]

1. e4 c5 2. Nf3 Nc6 3. Bb5 Nf6 4. Nc3 Qc7 5. Bxc6 dxc6 6. h3 e5 7. d3 Bd6 8. a4 O-O 9. Nd2 Be6 10. Nc4 Bxc4 11. dxc4 Nd7 12. O-O Rfe8 13. Ne2 Nf8 14. c3 Ne6 15. Qd3 Rad8 16. Qc2 Be7 17. Be3 Bg5 18. Bxg5 Nxg5 19. Rad1 Ne6 20. Rfe1 h5 21. Ng3 g6 22. Nf1 Rxd1 23. Rxd1 Rd8 24. Nh2 Kg7 25. Nf3 f6 26. g3 Rxd1+ 27. Qxd1 Qd8 28. Qc2 a5 29. Kg2 Kf7 30. h4 Qd7 31. Nd2 Qd8 32. Nb3 b6 33. Nc1 Qd7 34. Nd3 g5 35. Qd1 Kg7 36. Kh2 gxh4 37. gxh4 Nf4 38. Qg1+ Ng6 39. Qg3 Kf7 40. Qf3 Kg7 41. Kg3 Kf7 42. Qe2 Kg7 43. f3 Qd8 44. Qe3 f5 45. exf5 Qxh4+ 46. Kg2 Nf4+ 47. Nxf4 Qxf4 48. Qd3 Kf6 49. Qd6+ Kxf5 50. Qd7+ Kg6 51. Qxc6+ Qf6 52. Qe8+ Kh6 53. Qd7 Qg7+ 54. Qxg7+ Kxg7 55. Kg3 Kg6 56. f4 exf4+ 57. Kxf4 Kf6 58. b3 Kg6 59. Kf3 Kg5 60. Kg3 h4+ 61. Kh3 Kh5 62. b4 Kg5 63. Kg2 Kg4 64. Kh2 Kf4 65. Kh3 Ke4 66. bxa5 bxa5 67. Kxh4 Kd3 0-1


[Site "https://www.chess.com"]

[Event "Titled Tuesday Blitz January 03 Late 2023"]
[White "Yanchenko, Roman"]
[Black "Xiong, Jeffery"]
[WhiteFideId "4137329"]
[BlackFideId "2047640"]
[WhiteElo "2466"]
[BlackElo "2692"]
[Result "1/2-1/2"]
[Round "06"]
[TimeControl "180+2"]
[Date "2023.01.03"]
[WhiteClock "0:01:51"]
[BlackClock "0:01:56"]

1. d4 d5 2. c4 e6 3. Nc3 Nf6 4. Bg5 Be7 5. e3 h6 6. Bh4 O-O 7. Nf3 c6 8. Qc2 Nbd7 9. Rd1 Re8 10. a3 Nf8 11. Bd3 dxc4 12. Bxc4 Nd5 13. Bxe7 Qxe7 14. O-O Nxc3 15. Qxc3 Bd7 16. b4 Rad8 17. Ne5 Bc8 18. f4 Nd7 19. Ba2 Nf6 20. Qc5 a6 21. Qxe7 Rxe7 22. a4 Nd5 23. Bxd5 exd5 24. Kf2 Rde8 25. Rfe1 Bf5 26. Nd3 Bxd3 27. Rxd3 g5 28. fxg5 hxg5 29. b5 axb5 30. axb5 Ra8 31. bxc6 bxc6 32. Rc3 Re6 33. Rec1 Ra6 34. h3 Kg7 35. R1c2 Kg6 36. Kf3 f5 37. g4 fxg4+ 38. hxg4 Rf6+ 1/2-1/2


[Site "https://www.chess.com"]

[Event "Titled Tuesday Blitz January 03 Late 2023"]
[White "Morefield, Jason"]
[Black "Tari, Aryan"]
[WhiteFideId "30920825"]
[BlackFideId "1510045"]
[WhiteElo "2167"]
[BlackElo "2642"]
[Result "1/2-1/2"]
[Round "06"]
[TimeControl "180+2"]
[Date "2023.01.03"]
[WhiteClock "0:00:05"]
[BlackClock "0:00:52"]

1. e4 c6 2. d4 d5 3. e5 Bf5 4. h4 c5 5. dxc5 Nc6 6. Nf3 e6 7. Be3 Nh6 8. c3 Ng4 9. Bd4 Be7 10. Bd3 Bxd3 11. Qxd3 f6 12. exf6 Bxf6 13. Bxf6 Qxf6 14. Nbd2 O-O 15. O-O Rad8 16. Ng5 g6 17. Qg3 Nge5 18. Rae1 Qf5 19. f4 Nd3 20. Rxe6 Nxf4 21. Re3 d4 22. cxd4 Nxd4 23. Kh2 Nde2 24. Qe1 Qg4 25. g3 h6 26. gxf4 hxg5 27. Rxe2 Rd3 28. Re3 Rfd8 29. Rxd3 Rxd3 30. Qe8+ Kg7 31. Qe7+ Kg8 32. Qe8+ Kg7 33. Qe7+ Kg8 34. Qe8+ 1/2-1/2


[Site "https://www.chess.com"]

[Event "Titled Tuesday Blitz January 03 Late 2023"]
[White "Perske, Thore"]
[Black "Keymer, Vincent"]
[WhiteFideId "12902195"]
[BlackFideId "12940690"]
[WhiteElo "2448"]
[BlackElo "2700"]
[Result "0-1"]
[Round "06"]
[TimeControl "180+2"]
[Date "2023.01.03"]
[WhiteClock "0:00:30"]
[BlackClock "0:00:46"]

1. d4 Nf6 2. g3 d5 3. Nf3 c6 4. c4 dxc4 5. Bg2 e6 6. O-O b5 7. a4 Bb7 8. Ne5 a6 9. b3 cxb3 10. Bb2 Bd6 11. Qxb3 O-O 12. Rc1 Nd5 13. Nd2 Nb6 14. axb5 Bxe5 15. bxc6 Bxc6 16. Bxc6 Nxc6 17. Rxc6 Bxd4 18. Nf3 Bxb2 19. Qxb2 Rb8 20. Rxa6 Qd1+ 21. Kg2 Nd5 22. Qe5 Rb1 23. Kh3 Nb4 0-1


[Site "https://www.chess.com"]

[Event "Titled Tuesday Blitz January 03 Late 2023"]
[White "Pichot, Alan"]
[Black "Deac, Bogdan-Daniel"]
[WhiteFideId "110973"]
[BlackFideId "1226380"]
[WhiteElo "2638"]
[BlackElo "2700"]
[Result "0-1"]
[Round "06"]
[TimeControl "180+2"]
[Date "2023.01.03"]
[WhiteClock "0:00:09"]
[BlackClock "0:00:23"]

1. Nf3 d5 2. b3 c5 3. e3 a6 4. Bb2 Nc6 5. Be2 Nf6 6. O-O Bg4 7. d4 Bxf3 8. Bxf3 cxd4 9. exd4 e6 10. Nd2 Bd6 11. c4 O-O 12. a3 a5 13. g3 Bc7 14. Re1 Qd7 15. Rc1 Rfd8 16. cxd5 Nxd5 17. Ne4 Bb6 18. Nc5 Qe7 19. Rc4 Rac8 20. Qc1 Ba7 21. h4 h6 22. Kg2 b5 23. Rc2 Bxc5 24. Rxc5 Qd7 25. Qd2 a4 26. Rxb5 axb3 27. Rxb3 Rb8 28. Rxb8 Rxb8 29. Rc1 Nce7 30. Rc5 Qa4 31. Qc2 Qa6 32. Be2 Qb7 33. Qe4 Qxb2 34. Bd3 Nf6 35. Qe5 Qb7+ 36. Kg1 Nd7 0-1


[Site "https://www.chess.com"]

[Event "Titled Tuesday Blitz January 03 Late 2023"]
[White "Kravtsiv, Martyn"]
[Black "Bortnyk, Olexandr"]
[WhiteFideId "14113147"]
[BlackFideId "14120828"]
[WhiteElo "2598"]
[BlackElo "2605"]
[Result "1-0"]
[Round "06"]
[TimeControl "180+2"]
[Date "2023.01.03"]
[WhiteClock "0:00:38"]
[BlackClock "0:00:02"]

1. e4 Nf6 2. Nc3 d5 3. exd5 Nxd5 4. Nf3 Nxc3 5. bxc3 g6 6. h4 h6 7. d4 Bg7 8. Bd3 c5 9. h5 g5 10. Rb1 Nc6 11. dxc5 Qa5 12. O-O Qxc3 13. Bb2 Qxb2 14. Rxb2 Bxb2 15. Bc4 O-O 16. Qd3 Bg7 17. Rb1 Bg4 18. Rxb7 Rad8 19. Qe4 Bxf3 20. gxf3 Ne5 21. Bd3 f5 22. Qe2 Bf6 23. Bxf5 Rd2 24. Qe4 Rd4 25. Qe3 Rf4 26. Bg4 Rd8 27. Rxe7 Rd1+ 28. Kg2 Nxg4 29. Qe6+ Kh8 30. Re8+ Kh7 31. Qg8# 1-0


[Site "https://www.chess.com"]

[Event "Titled Tuesday Blitz January 03 Late 2023"]
[White "Kobalia, Mikhail"]
[Black "Pranav, V"]
[WhiteFideId "4119150"]
[BlackFideId "25060783"]
[WhiteElo "2578"]
[BlackElo "2597"]
[Result "1-0"]
[Round "06"]
[TimeControl "180+2"]
[Date "2023.01.03"]
[WhiteClock "0:01:05"]
[BlackClock "0:00:26"]

1. e4 e5 2. Nf3 Nc6 3. Bb5 a6 4. Ba4 d6 5. O-O Bd7 6. d4 Nf6 7. Bxc6 Bxc6 8. Re1 Be7 9. Nc3 exd4 10. Nxd4 O-O 11. Nf5 Re8 12. Nxe7+ Qxe7 13. Bf4 Rad8 14. Qd4 h6 15. f3 Qe6 16. Rad1 Nh5 17. Be3 Qg6 18. Qd2 Nf6 19. Ne2 Nd7 20. Nd4 Ne5 21. Qf2 Bd7 22. b3 c5 23. Ne2 Bc6 24. Ng3 Bd7 25. Kh1 Bc8 26. Rd2 h5 27. h4 f5 28. Bg5 f4 29. Bxf4 Nf7 30. Red1 Rf8 31. Qe3 Rfe8 32. Kh2 Rd7 33. Bg5 Ne5 34. Nf5 d5 35. Rxd5 Rxd5 36. Rxd5 Bxf5 37. exf5 Qxf5 38. Bf4 1-0


[Site "https://www.chess.com"]

[Event "Titled Tuesday Blitz January 03 Late 2023"]
[White "Boros, Denes"]
[Black "Bluebaum, Matthias"]
[WhiteFideId "722340"]
[BlackFideId "24651516"]
[WhiteElo "2406"]
[BlackElo "2669"]
[Result "1/2-1/2"]
[Round "06"]
[TimeControl "180+2"]
[Date "2023.01.03"]
[WhiteClock "0:00:26"]
[BlackClock "0:00:05"]

1. d3 d5 2. g3 Nf6 3. Bg2 e5 4. c4 c6 5. Nf3 Bd6 6. O-O O-O 7. Nc3 d4 8. Nb1 h6 9. e3 c5 10. Na3 Nc6 11. Re1 Be6 12. Nc2 a5 13. b3 Nd7 14. Nd2 Re8 15. Rb1 Bf5 16. Ne4 Bf8 17. a3 Bg6 18. g4 Nf6 19. Nxf6+ Qxf6 20. e4 Qh4 21. Qf3 Be7 22. Qg3 Bg5 23. Qxh4 Bxh4 24. Rb2 Bg5 25. b4 axb4 26. axb4 Nxb4 27. Nxb4 cxb4 28. Bxg5 hxg5 29. Rxb4 Ra7 30. Reb1 Re7 31. Bf1 f6 32. Rb6 Be8 33. Kg2 Bc6 34. Be2 Ra2 35. R6b2 Ra3 36. Rb3 Ra7 37. R3b2 Re8 38. Bd1 Rea8 39. Bb3 Kh7 40. Kg3 Ra3 41. Kg2 Kg6 42. h3 R8a6 43. c5 R6a5 44. Bd5 Rxc5 45. Bxc6 bxc6 46. Rb7 Rc2 47. Rc7 Raa2 48. Rbb7 Rxf2+ 49. Kg1 Rg2+ 50. Kf1 Rgf2+ 51. Kg1 Rg2+ 52. Kf1 Rgf2+ 53. Kg1 1/2-1/2


[Site "https://www.chess.com"]

[Event "Titled Tuesday Blitz January 03 Late 2023"]
[White "Bryakin, Mikhail"]
[Black "Jobava, Baadur"]
[WhiteFideId "4165314"]
[BlackFideId "13601520"]
[WhiteElo "2455"]
[BlackElo "2578"]
[Result "0-1"]
[Round "06"]
[TimeControl "180+2"]
[Date "2023.01.03"]
[WhiteClock "0:00:04"]
[BlackClock "0:00:59"]

1. c4 e5 2. Nc3 d6 3. g3 c6 4. Bg2 f5 5. d4 Be7 6. d5 Nf6 7. Nf3 O-O 8. O-O Kh8 9. e4 cxd5 10. cxd5 Na6 11. exf5 Bxf5 12. Ng5 Nc7 13. Qb3 Nd7 14. Nge4 Nb6 15. Be3 Qd7 16. a4 Rfb8 17. a5 Nc8 18. f4 exf4 19. Rxf4 Bg6 20. Raf1 h6 21. Bd4 Kh7 22. Rf7 Ne8 23. Qd1 Kg8 24. Qf3 Qd8 25. Rf8+ Kh7 26. Bh3 Bxf8 27. Qxf8 Qe7 28. Qf4 b5 29. Bf5 Qf7 30. Bxg6+ Qxg6 31. Ne2 Rb7 32. g4 Re7 33. N2g3 Nc7 34. Nf5 Nxd5 35. Nxe7 Ncxe7 36. Qf3 Nc6 37. Bf2 Ne5 38. Qg2 Qxg4 39. Qxg4 Nxg4 40. Nxd6 a6 41. Bg3 Rd8 42. Rf7 Nde3 43. Ra7 Rf8 44. h3 Rf1# 0-1


[Site "https://www.chess.com"]

[Event "Titled Tuesday Blitz January 03 Late 2023"]
[White "Yuan, Qingyu"]
[Black "Lazavik, Denis"]
[WhiteFideId "8609772"]
[BlackFideId "13515110"]
[WhiteElo "2373"]
[BlackElo "2544"]
[Result "1-0"]
[Round "06"]
[TimeControl "180+2"]
[Date "2023.01.03"]
[WhiteClock "0:00:09"]
[BlackClock "0:00:05"]

1. e4 e5 2. Nf3 Nc6 3. Bb5 a6 4. Ba4 Nf6 5. d3 d6 6. c3 g6 7. O-O Bg7 8. Re1 O-O 9. Nbd2 Re8 10. Nf1 h6 11. Ng3 d5 12. h3 b5 13. Bc2 Bb7 14. a4 b4 15. a5 Qd6 16. Be3 Rad8 17. Qb1 bxc3 18. bxc3 Rb8 19. Qa2 Bc8 20. Reb1 Be6 21. Qa4 Bd7 22. Qa2 Be6 23. Qa4 Rxb1+ 24. Rxb1 Bd7 25. Qa2 Be6 26. Qa4 Qd7 27. Qa3 Rd8 28. Ba4 Bf8 29. Bc5 dxe4 30. dxe4 Qd3 31. Rd1 Qxd1+ 32. Bxd1 Rxd1+ 33. Kh2 Bd6 34. Qa4 Bxc5 35. Qxd1 Bxf2 36. Qe2 Bxg3+ 37. Kxg3 Nxa5 38. Nxe5 Nb3 39. Qxa6 Nxe4+ 40. Kh2 Nbc5 41. Qa8+ Kg7 42. Nc6 Nd7 43. Ne7 Nd6 44. Qg8+ Kf6 45. Nc6 h5 46. Qh8+ Kg5 47. Nd4 Bc4 48. Nf3+ Kf5 49. Nd4+ Kg5 50. g3 f6 51. Nf3+ Kf5 52. Qd8 Ke4 53. Nd2+ Kd3 54. Nxc4 Kxc4 55. Qxd7 Nb5 56. Qc6+ 1-0


[Site "https://www.chess.com"]

[Event "Titled Tuesday Blitz January 03 Late 2023"]
[White "Shimanov, Aleksandr"]
[Black "Kuznetsov, Felix"]
[WhiteFideId "4198603"]
[BlackFideId "34147990"]
[WhiteElo "2581"]
[BlackElo "2254"]
[Result "0-1"]
[Round "06"]
[TimeControl "180+2"]
[Date "2023.01.03"]
[WhiteClock "0:00:15"]
[BlackClock "0:00:13"]

1. e4 c5 2. Nf3 Nc6 3. c3 d5 4. exd5 Qxd5 5. d4 Bf5 6. Be3 Nf6 7. dxc5 Qxd1+ 8. Kxd1 O-O-O+ 9. Kc1 Nd5 10. Nbd2 e5 11. Nb3 f6 12. Bc4 Be7 13. Bd2 g5 14. Re1 h5 15. a4 h4 16. a5 g4 17. Ng1 a6 18. Ne2 Kc7 19. Ra4 Rh7 20. Bxd5 Rxd5 21. Be3 Be6 22. Nd2 f5 23. g3 hxg3 24. hxg3 Rh2 25. b4 Rd8 26. Kc2 Bf6 27. Raa1 Rdh8 28. Rad1 Ne7 29. Nf4 Bf7 30. Nd3 Nd5 31. Nf1 e4 32. Nf4 Nxe3+ 33. Nxe3 Rxf2+ 34. Rd2 Rxd2+ 35. Kxd2 Rh2+ 36. Re2 Rxe2+ 37. Nxe2 Be6 38. Nf4 Kd7 39. c4 Be5 40. Neg2 Bxc4 41. Ne3 Bxf4 42. gxf4 g3 43. Ke1 Be6 44. Kf1 Kc6 45. Nc2 Kd5 46. Kg2 Kc4 47. Kxg3 Kc3 48. Ne3 Kxb4 49. Kh4 Kxa5 50. Kg5 Kb4 51. Kf6 Bc8 52. Ke5 Kxc5 53. Nd5 b5 54. Ne7 e3 55. Nxc8 e2 56. Kxf5 e1=Q 57. Kf6 Qe8 58. Ne7 b4 59. f5 b3 60. Ng6 b2 61. Kg7 b1=Q 62. f6 Qbxg6# 0-1


[Site "https://www.chess.com"]

[Event "Titled Tuesday Blitz January 03 Late 2023"]
[White "Jacobson, Brandon"]
[Black "Cristobal, Manuel"]
[WhiteFideId "30901561"]
[BlackFideId "112879"]
[WhiteElo "2556"]
[BlackElo "2257"]
[Result "1-0"]
[Round "06"]
[TimeControl "180+2"]
[Date "2023.01.03"]
[WhiteClock "0:00:14"]
[BlackClock "0:00:46"]

1. d4 Nf6 2. c4 e6 3. Nc3 Bb4 4. e3 b6 5. Bd3 Bb7 6. Nf3 Ne4 7. O-O Bxc3 8. bxc3 O-O 9. Nd2 f5 10. f3 Nxd2 11. Bxd2 d6 12. Qc2 Qf6 13. e4 f4 14. a4 Nc6 15. e5 dxe5 16. Bxh7+ Kh8 17. Be4 exd4 18. Rad1 Rad8 19. Kh1 Na5 20. Bxb7 Nxb7 21. cxd4 Rxd4 22. Bc3 Rxc4 23. Rd3 Nc5 24. Qd2 Nxd3 25. Bxf6 Nc5 26. Be5 Nxa4 27. Qd7 Rg8 28. Qf7 1-0


[Site "https://www.chess.com"]

[Event "Titled Tuesday Blitz January 03 Late 2023"]
[White "Rozman, Levy"]
[Black "Lenderman, Aleksandr"]
[WhiteFideId "2039877"]
[BlackFideId "2021285"]
[WhiteElo "2322"]
[BlackElo "2572"]
[Result "0-1"]
[Round "06"]
[TimeControl "180+2"]
[Date "2023.01.03"]
[WhiteClock "0:00:34"]
[BlackClock "0:01:41"]

1. d4 e6 2. Nf3 Nf6 3. Bg5 h6 4. Bxf6 Qxf6 5. e4 d5 6. Nbd2 Qd8 7. Bd3 Be7 8. O-O Nd7 9. c3 O-O 10. Qe2 c5 11. e5 cxd4 12. cxd4 Nb8 13. Bc2 Nc6 14. Qd3 g6 15. Qe3 Kg7 16. a3 Qb6 17. Rab1 Bd7 18. b4 Rac8 19. Bd3 Nb8 20. Rfc1 Bb5 21. Nb3 Bxd3 22. Qxd3 Qa6 23. Qxa6 Nxa6 24. Nc5 Nxc5 25. bxc5 Rc7 26. Rc3 b6 27. c6 Rfc8 28. Rbc1 b5 29. Ne1 b4 30. axb4 Bxb4 31. Rb3 Bxe1 32. Rxe1 Rxc6 33. Ra3 R8c7 34. Kf1 Rc4 35. Rd1 Rb4 36. Rd2 Rcc4 37. Rxa7 Rxd4 38. Raa2 Rxd2 39. Rxd2 Re4 0-1


[Site "https://www.chess.com"]

[Event "Titled Tuesday Blitz January 03 Late 2023"]
[White "Fernandez Guillen, Ernesto J."]
[Black "Grigoriants, Sergey"]
[WhiteFideId "3512428"]
[BlackFideId "4130804"]
[WhiteElo "2477"]
[BlackElo "2562"]
[Result "1-0"]
[Round "06"]
[TimeControl "180+2"]
[Date "2023.01.03"]
[WhiteClock "0:00:10"]
[BlackClock "0:00:01"]

1. e4 c6 2. d4 d5 3. e5 Bf5 4. Bd3 Bxd3 5. Qxd3 e6 6. c3 c5 7. Ne2 Nc6 8. O-O Nge7 9. Nd2 Nf5 10. Nf3 cxd4 11. cxd4 Qb6 12. g4 Nfe7 13. Be3 h5 14. h3 hxg4 15. hxg4 Ng6 16. Kg2 Be7 17. Rh1 O-O-O 18. Rxh8 Rxh8 19. b3 Kd7 20. Rd1 Nb4 21. Qb1 Qa6 22. Rd2 Rc8 23. Bg5 Bxg5 24. Nxg5 Ke7 25. a4 b6 26. f4 Rh8 27. f5 Nf8 28. Qf1 f6 29. fxe6 Qc8 30. Ng3 Qc3 31. Nf5+ Kd8 32. e7+ Kc7 33. Rd1 Ng6 34. Ne6+ Kb7 35. Nd8+ Ka8 36. Qf3 Qc2+ 37. Kf1 Rh2 38. Nd6 1-0


[Site "https://www.chess.com"]

[Event "Titled Tuesday Blitz January 03 Late 2023"]
[White "Aradhya, Garg"]
[Black "Makarian, Rudik"]
[WhiteFideId "25006746"]
[BlackFideId "44105681"]
[WhiteElo "2284"]
[BlackElo "2545"]
[Result "1/2-1/2"]
[Round "06"]
[TimeControl "180+2"]
[Date "2023.01.03"]
[WhiteClock "0:00:10"]
[BlackClock "0:00:07"]

1. d4 Nf6 2. Nf3 c5 3. d5 b5 4. Bg5 g6 5. a4 b4 6. Bxf6 exf6 7. e4 Bg7 8. Bd3 O-O 9. O-O f5 10. exf5 Bxb2 11. Ra2 Bg7 12. d6 Bb7 13. Nbd2 Re8 14. Nb3 Qf6 15. Nxc5 Bd5 16. Be4 Bxe4 17. Nxe4 Qxf5 18. Ng3 Qc5 19. h4 Nc6 20. h5 Re6 21. Qd3 Rae8 22. Rd1 Ne5 23. Qd5 Nxf3+ 24. gxf3 Qc3 25. Kg2 Qf6 26. a5 Qf4 27. hxg6 hxg6 28. Ra4 Be5 29. Qd2 Rxd6 30. Qxf4 Bxf4 31. Rh1 Bxg3 32. Kxg3 Rb8 33. Rb1 Rd5 34. c4 Rg5+ 35. Kf4 Rc5 36. Raxb4 Rbc8 37. Rb7 Rxc4+ 38. Kg3 R4c7 39. a6 d5 40. Rxc7 Rxc7 41. Rb7 Rc6 42. Rxa7 Kg7 43. Ra8 d4 44. a7 Ra6 45. Kf4 Ra2 46. Ke4 Ra1 47. Kxd4 Ra2 48. Kc5 Ra1 49. Kb6 Rb1+ 50. Kc5 Rc1+ 51. Kd4 Ra1 52. Ke3 Ra3+ 53. Kf4 Ra1 54. Kg3 Ra3 55. Kg4 Ra4+ 56. f4 Ra3 57. f5 Ra4+ 58. f4 gxf5+ 59. Kxf5 Ra1 60. Ke5 Ra5+ 61. Kd6 Ra1 62. f5 Rd1+ 63. Kc5 Rc1+ 64. Kb6 Rb1+ 65. Kc5 Rc1+ 66. Kd4 Ra1 67. Ke5 Re1+ 68. Kf4 Ra1 69. Kg5 Rg1+ 70. Kh5 Rh1+ 71. Kg5 Rg1+ 72. Kh4 Ra1 73. Kg3 Kf6 74. Kf4 Ra4+ 75. Ke3 Kxf5 76. Kd3 Kf4 77. Kc3 f5 78. Kb3 Ra1 79. Kb4 Kf3 80. Kb5 f4 81. Kb6 Rb1+ 82. Kc6 Rc1+ 83. Kb6 Rb1+ 84. Ka6 Ra1+ 85. Kb6 Rb1+ 1/2-1/2


[Site "https://www.chess.com"]

[Event "Titled Tuesday Blitz January 03 Late 2023"]
[White "Salimova, Nurgyul"]
[Black "Ibarra Jerez, Jose Carlos"]
[WhiteFideId "2915138"]
[BlackFideId "2226332"]
[WhiteElo "2391"]
[BlackElo "2563"]
[Result "1-0"]
[Round "06"]
[TimeControl "180+2"]
[Date "2023.01.03"]
[WhiteClock "0:00:17"]
[BlackClock "0:00:03"]

1. d4 Nf6 2. Nf3 g6 3. g3 d6 4. Bg2 Bg7 5. O-O O-O 6. c4 Bf5 7. Nc3 Ne4 8. Bd2 c5 9. Nxe4 Bxe4 10. Bc3 Nc6 11. e3 d5 12. cxd5 Qxd5 13. dxc5 Qxc5 14. Bxg7 Kxg7 15. Rc1 Qb6 16. Qa4 Bd5 17. Rfd1 Rfd8 18. b3 Nb4 19. h4 Rd6 20. h5 Rad8 21. Qa3 Bxf3 22. Bxf3 Nd3 23. Rb1 a5 24. Be2 Qb4 25. Qxb4 axb4 26. hxg6 hxg6 27. Bxd3 Rxd3 28. Rxd3 Rxd3 29. Rc1 Rc3 30. Rd1 Rc6 31. Rd7 Kf6 32. Rxb7 Ra6 33. Rxb4 Rxa2 34. Rb5 Rb2 35. Kg2 g5 36. g4 e6 37. Kf3 Kg6 38. b4 f5 39. gxf5+ exf5 40. Rb6+ Kh5 41. b5 g4+ 42. Kg3 Kg5 43. Rb8 Rb3 44. Kg2 Kg6 45. b6 Kg7 46. Kg3 Rb4 47. Kh4 Rb2 48. Kg5 Rxf2 49. Rc8 Rb2 50. Rc7+ Kf8 51. b7 g3 52. Rc8+ Ke7 53. b8=Q g2 54. Qe5+ Kd7 55. Rc7+ 1-0


[Site "https://www.chess.com"]

[Event "Titled Tuesday Blitz January 03 Late 2023"]
[White "Kuzmicz, Krystian"]
[Black "Oliveira, Silvio Eduardo"]
[WhiteFideId "1119125"]
[BlackFideId "2111560"]
[WhiteElo "2466"]
[BlackElo "2297"]
[Result "1-0"]
[Round "06"]
[TimeControl "180+2"]
[Date "2023.01.03"]
[WhiteClock "0:00:59"]
[BlackClock "0:01:53"]

1. e4 e5 2. Bc4 Nf6 3. Qf3 c6 4. Nc3 d5 5. exd5 e4 6. Qe2 cxd5 7. Bb5+ Nc6 8. d3 Bb4 9. Bd2 O-O 10. Bxc6 bxc6 11. dxe4 Re8 12. O-O-O Qa5 13. Kb1 Rb8 14. Ka1 d4 15. Nb1 Ba6 16. Qf3 Nxe4 17. Bc1 c5 18. Nh3 Rb6 19. Ng5 Nxg5 20. Bxg5 Bc4 21. a3 Reb8 22. Bf4 Bc3 23. Nxc3 Rxb2 1-0


[Site "https://www.chess.com"]

[Event "Titled Tuesday Blitz January 03 Late 2023"]
[White "Domingo Nunez, Alejandro"]
[Black "Babazada, Khazar"]
[WhiteFideId "22245561"]
[BlackFideId "13413554"]
[WhiteElo "2338"]
[BlackElo "2474"]
[Result "1-0"]
[Round "06"]
[TimeControl "180+2"]
[Date "2023.01.03"]
[WhiteClock "0:00:10"]
[BlackClock "0:00:18"]

1. Nf3 d5 2. g3 Nf6 3. Bg2 Nc6 4. d4 Bf5 5. O-O e6 6. a3 h6 7. c4 Bd6 8. Nc3 O-O 9. c5 Be7 10. b4 a6 11. Qb3 Ne4 12. Be3 Bf6 13. Rfd1 g5 14. Rac1 Bg7 15. Ne5 Nxc3 16. Qxc3 Ne7 17. c6 b6 18. Nd7 Re8 19. a4 Nc8 20. f3 Nd6 21. Bf2 Bg6 22. Re1 b5 23. a5 Qe7 24. e4 dxe4 25. fxe4 f5 26. e5 Ne4 27. Bxe4 fxe4 28. Be3 Bh5 29. Rf1 Bf3 30. Rc2 Qf7 31. Rg2 Qh5 32. Rgf2 Re7 33. Qc5 Rf7 34. d5 exd5 35. Qxd5 Kh8 36. e6 Re7 37. Bc5 Rae8 38. Rxf3 exf3 39. Bxe7 Rxe7 40. Qf5 Qe8 41. Re1 Bc3 42. Re4 Bg7 43. Nf6 f2+ 44. Kf1 Bxf6 45. Qxf6+ Kg8 46. Qxh6 Rg7 47. e7 1-0


[Site "https://www.chess.com"]

[Event "Titled Tuesday Blitz January 03 Late 2023"]
[White "Abrahamyan, Tatev"]
[Black "Zakhartsov, Vladimir"]
[WhiteFideId "13301918"]
[BlackFideId "4145097"]
[WhiteElo "2294"]
[BlackElo "2552"]
[Result "0-1"]
[Round "06"]
[TimeControl "180+2"]
[Date "2023.01.03"]
[WhiteClock "0:01:11"]
[BlackClock "0:02:06"]

1. e4 g6 2. d4 Bg7 3. Nc3 a6 4. f4 b5 5. Nf3 Bb7 6. Bd3 d6 7. O-O Nd7 8. a4 b4 9. Nb1 c5 10. Be3 Ngf6 11. Nbd2 Ng4 12. Qe1 Nxe3 13. Qxe3 cxd4 14. Qf2 O-O 15. a5 e5 16. Bc4 exf4 17. Nxd4 Ne5 18. Bb3 Ng4 19. Qxf4 Bxd4+ 20. Kh1 Ne5 21. Rad1 Qe7 0-1


[Site "https://www.chess.com"]

[Event "Titled Tuesday Blitz January 03 Late 2023"]
[White "Holt, Conrad"]
[Black "Atanasov, Anthony"]
[WhiteFideId "2034387"]
[BlackFideId "2623897"]
[WhiteElo "2540"]
[BlackElo "2368"]
[Result "1-0"]
[Round "06"]
[TimeControl "180+2"]
[Date "2023.01.03"]
[WhiteClock "0:01:24"]
[BlackClock "0:00:01"]

1. d4 Nf6 2. c4 g6 3. Nc3 d5 4. e3 Bg7 5. Qb3 e6 6. Qa3 Bf8 7. Qa4+ Bd7 8. Qb3 Nc6 9. cxd5 exd5 10. Nf3 Na5 11. Qc2 Bg7 12. Bd3 O-O 13. O-O b6 14. b4 Nb7 15. Ne5 c5 16. bxc5 bxc5 17. Ba3 c4 18. Bxf8 cxd3 19. Qb2 Bxf8 20. Qxb7 Rb8 21. Qa6 d2 22. Nxd7 Nxd7 23. Qd3 Qa5 24. Rab1 Bb4 25. Rb3 Rc8 26. Nxd5 Qxd5 27. Rxb4 Qxa2 28. Qb1 Qa3 29. Rb2 a5 30. Rxd2 a4 31. Ra2 Qc3 32. Rxa4 Nf6 33. Qa2 Kg7 34. Ra7 Rf8 35. h3 Ne4 36. Qa3 Qc2 37. Qc1 Qd3 38. Qb1 Qxf1+ 39. Qxf1 1-0


[Site "https://www.chess.com"]

[Event "Titled Tuesday Blitz January 03 Late 2023"]
[White "Abdisalimov, Abdimalik"]
[Black "Przybylski, Wojciech"]
[WhiteFideId "14206323"]
[BlackFideId "1117599"]
[WhiteElo "2492"]
[BlackElo "2321"]
[Result "1-0"]
[Round "06"]
[TimeControl "180+2"]
[Date "2023.01.03"]
[WhiteClock "0:01:10"]
[BlackClock "0:00:01"]

1. d4 d5 2. c4 c6 3. Nf3 Nf6 4. e3 Bf5 5. Nc3 e6 6. Nh4 Bg6 7. g3 Nbd7 8. Bd2 Bd6 9. Qb3 Rb8 10. Nxg6 hxg6 11. Bg2 O-O 12. O-O Qe7 13. Rac1 dxc4 14. Qxc4 e5 15. dxe5 Nxe5 16. Qe2 g5 17. h3 Rbd8 18. e4 Nd3 19. Qxd3 Bf4 20. Nd5 cxd5 21. gxf4 dxe4 22. Qe2 gxf4 23. Bxf4 Rd4 24. Rfd1 Rfd8 25. Rxd4 Rxd4 26. Rd1 Qd7 27. Rxd4 Qxd4 28. Bg5 Nh7 29. Be3 Qa4 30. b3 Qc6 31. Qc4 Qd7 32. Qxe4 Nf6 33. Qxb7 Qd1+ 34. Kh2 Qd6+ 35. Kg1 Qd1+ 36. Bf1 Qa1 37. Qxa7 Qb2 38. Bd4 Qc2 39. Bxf6 Qg6+ 40. Bg2 Qxf6 41. Qb8+ Kh7 42. a4 Qa1+ 43. Bf1 Qb2 44. a5 Qa3 45. b4 Qa4 46. Qf4 f6 47. a6 Qa3 48. b5 Kg8 49. b6 Qa4 50. Qxa4 1-0


[Site "https://www.chess.com"]